 Dungeon Crawl Stone Soup version 0.24-a0-484-g962a3eeff7 (webtiles) character file.

Game seed: 601441014837279023

10 Mrkan the Skirmisher (level 2, -2/25 HPs)
             Began as a Barachi Abyssal Knight on July 9, 2019.
             Was an Initiate of Lugonu.
             Slain by a leopard gecko (4 damage)
             ... on level 1 of the Dungeon.
             The game lasted 00:01:19 (235 turns).

Mrkan the Skirmisher (Barachi Abyssal Knight)        Turns: 235, Time: 00:01:20

Health: -2/25      AC:  3    Str: 13    XL:     2   Next: 20%
Magic:  3/3        EV: 11    Int: 12    God:    Lugonu [......]
Gold:   17         SH:  0    Dex: 11    Spells: 1/1 levels left

rFire    . . .     SeeInvis .   a - +1 spear
rCold    . . .     Gourm    .   (no shield)
rNeg     . . .     Faith    .   b - +0 leather armour
rPois    .         Spirit   .   (no helmet)
rElec    .         Reflect  .   (no cloak)
rCorr    .         Harm     .   (no gloves)
MR       .....                  (no boots)
Stlth    +.........             (no amulet)
HPRegen  0.08/turn              (no ring)
MPRegen  0.08/turn              (no ring)

@: slow
A: +LOS, swims, slowness 1, strong legs 1
a: Hop, Renounce Religion


You were on level 1 of the Dungeon.
You worshipped Lugonu.
Lugonu was noncommittal.
You were not hungry.

You visited 1 branch of the dungeon, and saw 1 of its levels.
You visited the Abyss 1 time.

You collected 17 gold pieces.

Inventory:

Hand Weapons
 a - a +1 spear (weapon)
Armour
 b - a +0 leather armour (worn)
Potions
 e - 2 potions of invisibility {unknown}
Comestibles
 c - a ration
 d - 6 chunks of flesh


   Skills:
 + Level 3.9 Fighting
 * Level 2.3 Polearms
 + Level 2.6 Armour
 - Level 1.1 Dodging
 + Level 1.7 Invocations


You had one spell level left.
You didn't know any spells.
Your spell library was empty.

Dungeon Overview and Level Annotations

Branches:
Dungeon (1/15)

Altars:


Innate Abilities, Weirdness & Mutations

Shadows flee at your approach. (+LOS)
You can swim through water.
You cover ground slowly.
You can hop short distances.


Message History

You hit the hobgoblin.
The hobgoblin is severely wounded.
The hobgoblin hits you with a +0 club.
* * * LOW HITPOINT WARNING * * *
You closely miss the hobgoblin.
The hobgoblin is severely wounded.
The hobgoblin closely misses you.
You closely miss the hobgoblin.
The hobgoblin is severely wounded.
The hobgoblin hits you but does no damage.
You hit the hobgoblin.
You kill the hobgoblin!
Lugonu accepts your kill.
You closely miss the leopard gecko. The leopard gecko barely misses you.
You barely miss the leopard gecko. The leopard gecko bites you.
* * * LOW HITPOINT WARNING * * *
The leopard gecko bites you.
* * * LOW HITPOINT WARNING * * *
You closely miss the leopard gecko. The leopard gecko bites you.
You die...

#.(# #..# # ##.#
#### ##.##### ...#
#......# ###? ##.#
#..###.# .....
##.## #....#.#
....# ....#
#.#....####...#
##..#
#..#....l@..#
....#
#>.....###.##
....# ####.#..# ##
.##.##########...#
.##......).#
#.g#.⌠.
.##..#####.# ##..
.#.# .##..#####.#
#.. .#
.##.....##.# .##
.♣ .###.....†.# ..
.#


You could see a leopard gecko.

Vanquished Creatures
  A dart slug (D:1)
  A bat (D:1)
  A goblin (D:1)
  2 hobgoblins (D:1)
  2 frilled lizards (D:1)
  A rat (D:1)
8 creatures vanquished.

Notes
Turn   | Place    | Note
-------+----------+-------------------------------------------
     0 | Abyss:1  | Mrkan the Barachi Abyssal Knight began the quest for the
                  | Orb.
     0 | Abyss:1  | Reached XP level 1. HP: 18/18 MP: 2/2
    28 | Abyss:1  | Noticed a green very ugly thing
    31 | D:1      | Escaped the Abyss
   194 | D:1      | Reached XP level 2. HP: 13/25 MP: 3/3
   235 | D:1      | Slain by a leopard gecko

Levels and vault maps discovered:
D:1:      scummos_arrival_gate, layout_loops_cross, grunt_decor_resistance,
          grunt_decor_mini_mirrors, minmay_misc_feat_alley

Action                   || total
-------------------------++-------
Melee: Spear             ||    47
Invok: Depart the Abyss  ||     1
Armor: Leather armour    ||    16
Dodge: Dodged            ||    23

Table legend:
 A = Non-vault XP
 B = Vault XP
 C = Vault XP percentage of total XP
 D = Non-vault monster count
 E = Vault monster count
 F = Vault count percentage of total count
                 A         B        C        D         E       F
            +---------+---------+-------+---------+---------+-------
      Total |      15 |       0 |   0.0 |       8 |       0 |   0.0
            +---------+---------+-------+---------+---------+-------
        D:1 |      15 |       0 |   0.0 |       8 |       0 |   0.0
            +---------+---------+-------+---------+---------+-------
